 Dungeon Crawl Stone Soup version 0.18-a0-867-gfd1cc8f (console) character file.

17991 utis the Carver (level 12, 2/99 HPs)
             Began as a Formicid Fighter on Sept 15, 2015.
             Was a Priest of Ru.
             Quit the game on level 12 of the Dungeon on Dec 21, 2015.
             The game lasted 01:00:03 (20954 turns).

utis the Carver (Formicid Fighter)                 Turns: 20954, Time: 01:00:03

Health: 2/99       AC: 16    Str: 20    XL:     12   Next: 89%
Magic:  12/12      EV: 11    Int: 10    God:    Ru [***...]
Gold:   607        SH: 12    Dex: 14    Spells: 0 memorised, 11 levels left

rFire  + . .     SeeInvis +     a - +0 scimitar
rCold  . . .     Gourm    +     A - +0 plate armour
rNeg   . . .     Faith    .     c - +0 shield
rPois  .         Spirit   .     (helmet unavailable)
rElec  .         Dismiss  .     (no cloak)
rCorr  .         Reflect  .     z - +1 pair of gloves
SustAt .         Harm     .     (no boots)
MR     +....                    k - amulet of the gourmand
Stlth  ..........               x - +4 ring of evasion
                                K - ring of protection from fire

@: no potions, no scrolls, somewhat resistant to hostile enchantments, extremely
unstealthy
A: permanent stasis, dig shafts and tunnels, four strong arms, antennae 3,
inability to drink while threatened, inability to read while threatened, missing
an eye
a: Dig, Shaft Self, Draw Out Power, Renounce Religion


You were on level 12 of the Dungeon.
You worshipped Ru.
Ru was most pleased with you.
You were completely stuffed.

You visited 2 branches of the dungeon, and saw 13 of its levels.

You collected 756 gold pieces.
You spent 149 gold pieces at shops.

Inventory:

Hand Weapons
 a - a +0 scimitar (weapon)
 G - a +0 long sword
 Y - a +0 blowgun
Missiles
 i - 66 sling bullets
 o - 69 poisoned needles
 p - 359 stones (quivered)
 r - 9 steel sling bullets
 M - 2 needles of slowing
Armour
 b - a +0 scale mail
 c - a +0 shield (worn)
 y - a +0 helmet
 z - a +1 pair of gloves (worn)
 A - a +0 plate armour (worn)
 B - a +0 cloak
 O - the +3 leather armour of Dogma {*Contam rF+++ rC- Int+4, unknown}
   (You found it on level 9 of the Dungeon)

   It affects your intelligence (+4).
   It renders you almost immune to fire.
   It makes you vulnerable to cold.
   It causes magical contamination when unequipped.
 S - a +0 pair of boots
Jewellery
 k - an amulet of the gourmand (around neck)
 s - an uncursed ring of flight
 x - a +4 ring of evasion (right hand)
 K - a ring of protection from fire (left hand)
 P - a cursed ring of teleportation {unknown}
Wands
 h - a wand of lightning (0/15)
 U - a wand of digging (9/24)
Scrolls
 g - 2 scrolls of recharging
 l - 2 scrolls of remove curse
 t - a scroll of blinking {unknown}
 u - 3 scrolls of identify
 C - a scroll of summoning {unknown}
 E - 2 scrolls of enchant weapon {unknown}
 H - 2 scrolls of amnesia
 W - a scroll of magic mapping {unknown}
 X - a scroll of immolation {unknown}
Potions
 j - a potion of lignification
 m - 2 potions of haste
 q - 5 potions of curing
 v - a potion of cure mutation {unknown}
 w - 2 potions of degeneration
 D - a potion of resistance
 I - a potion of magic
 J - 3 potions of brilliance
 L - a potion of poison
 N - a potion of ambrosia
 T - a potion of berserk rage {unknown}
Books
 F - a book of the Dragon

   Spells                             Type                      Level
   a - Flame Tongue                   Conjuration/Fire             1
   b - Cause Fear                     Hexes                        4
   c - Bolt of Fire                   Conjuration/Fire             6
   d - Dragon Form                    Transmutation                7
   e - Dragon's Call                  Summoning                    9
Comestibles
 d - a chunk of flesh
 e - 7 bread rations
 f - 8 meat rations
 n - 3 beef jerkies
 Q - 5 fruits
 R - 10 slices of pizza


   Skills:
 + Level 10.8 Fighting
 * Level 13.7 Long Blades
 + Level 9.6 Armour
 - Level 2.0 Dodging
 + Level 10.1 Shields


You had 11 spell levels left.
You didn't know any spells.

Dungeon Overview and Level Annotations

Branches:
Dungeon (12/15)            Temple (1/1) D:7            Lair (0/8) D:11
    Orc (0/4) D:10

Altars:
Ashenzari
Cheibriados
Dithmenos
Elyvilon
Fedhas
Gozag
Kikubaaqudgha
Makhleb
Nemelex Xobeh
Okawaru
Qazlal
Ru
Sif Muna
Trog
Vehumet
Xom
Yredelemnul
Zin
The Shining One

Shops:
D:4 *   D:6 =   D:7 %*   D:8 *

Annotations:
D:7 exclusion: downstairs
D:8 Erolcha
D:11 1 runed door
D:12 exclusion: upstairs


Innate Abilities, Weirdness & Mutations

You are under a permanent stasis effect.
You can dig through walls and to a lower floor.
Your four strong arms can wield two-handed weapons with a shield.
You have a pair of large antennae on your head (SInv).
You cannot drink potions while threatened.
You cannot read scrolls while threatened.
You are missing an eye, making it more difficult to aim.


Message History

The storm dragon tramples you but does no damage.
You redirect the catoblepas's attack!
The catoblepas breathes a plume of calcifying dust at the storm dragon.
The blast of calcifying dust hits the storm dragon.
The storm dragon is engulfed in calcifying dust.
The storm dragon is moving more slowly.
The storm dragon bites you.
* * * LOW HITPOINT WARNING * * *
The storm dragon claws you!
* * * LOW HITPOINT WARNING * * *
The storm dragon tramples you!
* * * LOW HITPOINT WARNING * * *
You stumble backwards!
The storm dragon breathes lightning at you.
Helpless, you fail to dodge the bolt of lightning.
* * * LOW HITPOINT WARNING * * *
The ice beast is engulfed in calcifying dust.
The ice beast is moving more slowly.
You turn to flesh and can move again.
Unknown command.
Are you sure you want to abandon this character and quit the game? (Confirm with "yes".)

.. ▓............▓.....
.. ▓.................
.. ▓......§..........
.. ▓......§........▓
▓▓ ▓......§........▓
▓......§.>......▓▓▓▓▓▓
▓.....Y§..............
▓....aD§..............
▓.....Y...............
▓.▓▓▓▓▓▓▓▓▓▓▓▓.▓▓▓▓▓▓▓
▓.▓▓▓▓▓▓▓▓▓▓▓▓.▓▓▓▓▓▓▓
▓.....................
▓.....D...............
▓.▓▓▓▓▓▓▓▓▓▓▓▓➘..▓▓▓▓▓
▓..............➘......
▓.....................


You could see a storm dragon (petrifying), a catoblepas and an ice beast
(petrifying).

Vanquished Creatures
  A hydra (D:12)
  An unseen horror (D:11)
  A deep troll (D:11)
  Pikel (D:7)
  A cyclops (D:11)
  2 manticores
  A two-headed ogre (D:9)
  5 trolls
  A slime creature (D:12)
  A trapdoor spider zombie (D:7)
  Prince Ribbit (D:6)
  Sigmund (D:4)
  A hungry ghost (D:11)
  6 wyverns
  19 yaks
  A removed MONS_DEEP_ELF_FIGHTER (D:11)
  2 basilisks
  A human (D:8)
  A warg (D:10)
  Menkaure (D:4)
  A hippogriff (D:11)
  A soldier ant (D:11)
  A water moccasin (D:11)
  6 ice beasts
  7 orc warriors
  7 sky beasts
  A black bear (D:4)
  A wasp (D:12)
  4 phantoms
  2 slaves (D:7)
  5 ogres
  10 centaurs
  3 big kobolds
  Blork the orc (D:6)
  5 giant frogs
  4 scorpions
  20 killer bees
  4 electric eels
  2 giant frog zombies
  4 crimson imps
  A jelly (D:7)
  4 hounds
  A quasit (D:6)
  9 orc priests
  2 centaur zombies
  A giant frog skeleton (D:11)
  A gnoll shaman (D:10)
  6 iguanas
  11 worker ants
  14 orc wizards
  4 sheep (D:11)
  A killer bee zombie (D:5)
  A hound zombie (D:6)
  A hound skeleton (D:4)
  A worker ant zombie (D:5)
  3 gnolls (D:10)
  5 river rats (D:11)
  24 adders
  A shadow imp (D:5)
  An ooze (D:6)
  5 worms
  8 giant geckos
  61 orcs
  3 ball pythons
  5 giant cockroaches
  4 hobgoblins
  3 jackals
  19 kobolds
  2 quokkas
  15 bats
  3 giant gecko skeletons
  5 giant newts
  6 goblins
  A quokka skeleton (D:7)
  20 rats
390 creatures vanquished.

Vanquished Creatures (others)
  An unseen horror (D:11)
  A giant frog (D:11)
  An orc (D:10)
  A bat (D:11)
  A kobold (D:11)
  4 fungi (D:11)
  A plant (D:11)
10 creatures vanquished.

Grand Total: 400 creatures vanquished

Notes
Turn   | Place    | Note
--------------------------------------------------------------
     0 | D:1      | utis the Formicid Fighter began the quest for the Orb.
     0 | D:1      | Reached XP level 1. HP: 18/18 MP: 1/1
   666 | D:1      | Reached XP level 2. HP: 22/24 MP: 2/2
   743 | D:1      | Reached skill level 6 in Fighting
   743 | D:1      | Reached skill level 8 in Long Blades
   743 | D:1      | Reached XP level 3. HP: 28/35 MP: 3/3
  1077 | D:2      | Found a shadowy altar of Dithmenos.
  1173 | D:2      | Reached XP level 4. HP: 37/41 MP: 4/4
  1631 | D:2      | Found a snail-covered altar of Cheibriados.
  1819 | D:2      | Reached XP level 5. HP: 45/47 MP: 5/5
  2076 | D:3      | Reached skill level 1 in Dodging
  2183 | D:3      | Found a sparkling altar of Nemelex Xobeh.
  2270 | D:3      | Found a white marble altar of Elyvilon.
  2270 | D:3      | Found a stormy altar of Qazlal.
  2765 | D:4      | Noticed Sigmund
  2772 | D:4      | Killed Sigmund
  2772 | D:4      | Reached XP level 6. HP: 37/53 MP: 6/6
  2995 | D:4      | Reached XP level 7. HP: 40/59 MP: 7/7
  3503 | D:4      | Noticed Menkaure
  4375 | D:4      | Found an ancient bone altar of Kikubaaqudgha.
  4383 | D:4      | Killed Menkaure
  4383 | D:4      | Reached skill level 5 in Shields
  4383 | D:4      | Reached XP level 8. HP: 21/67 MP: 8/8
  4703 | D:4      | Found Musuym's Assorted Antiques.
  4743 | D:4      | Bought a pair of gloves for 103 gold pieces
  4743 | D:4      | Bought a scroll of identify for 46 gold pieces
  5043 | D:4      | Noticed an ogre
  5421 | D:4      | Killed an ogre
  5421 | D:4      | Reached skill level 9 in Long Blades
  5736 | D:5      | Entered Level 5 of the Dungeon
  5830 | D:5      | Found a blossoming altar of Fedhas.
  6235 | D:5      | Found a radiant altar of Vehumet.
  6385 | D:5      | Reached skill level 5 in Armour
  6786 | D:6      | Reached XP level 9. HP: 70/72 MP: 9/9
  6833 | D:6      | Noticed Blork the orc
  6847 | D:6      | Killed Blork the orc
  6860 | D:6      | Found Soit Zuj's Jewellery Boutique.
  7475 | D:6      | Reached skill level 10 in Long Blades
  7664 | D:6      | Noticed Prince Ribbit
  7679 | D:6      | Killed Prince Ribbit
  7945 | D:6      | Found a bloodstained altar of Trog.
  8211 | D:7      | Noticed Pikel
  8331 | D:6      | Reached XP level 10. HP: 79/81 MP: 10/10
  8397 | D:7      | Found a staircase to the Ecumenical Temple.
  8443 | D:7      | Found a deep blue altar of Sif Muna.
  8447 | D:7      | Found a sacrificial altar of Ru.
  8992 | D:7      | Found Tibriets's Food Emporium.
  9022 | Temple   | Entered the Ecumenical Temple
  9130 | D:7      | Became a worshipper of Ru the Awakened
  9208 | D:7      | Killed Pikel
  9208 | D:7      | Reached skill level 11 in Long Blades
  9266 | D:7      | Found Gozag's Platinum Reserve.
  9600 | D:7      | Found an opulent altar of Gozag.
  9837 | D:8      | Noticed Erolcha
 10450 | D:8      | Found Lirucorgh's Assorted Antiques.
 10689 | D:8      | Found an iron altar of Okawaru.
 10732 | D:8      | Found a shimmering altar of Xom.
 10984 | D:9      | Got a fine leather armour
 11229 | D:9      | Gained mutation: You cannot read scrolls while threatened. [Ru sacrifice]
 11229 | D:9      | Reached piety under Ru
 11281 | D:9      | Reached XP level 11. HP: 40/89 MP: 11/11
 12574 | D:10     | Entered Level 10 of the Dungeon
 12802 | D:10     | Reached skill level 12 in Long Blades
 13026 | D:10     | Found a staircase to the Orcish Mines.
 13788 | D:10     | Gained mutation: You are missing an eye, making it more difficult to aim. [Ru sacrifice]
 13788 | D:10     | Reached * piety under Ru
 15428 | D:11     | Noticed an unseen horror
 15463 | D:11     | Killed an unseen horror
 15557 | D:11     | Noticed an unseen horror
 15585 | D:11     | Killed an unseen horror
 15903 | D:11     | Found a runed door.
 15907 | D:11     | Found a runed door.
 16144 | D:11     | Noticed a hill giant
 16638 | D:10     | Reached skill level 10 in Fighting
 16638 | D:10     | Reached XP level 12. HP: 71/97 MP: 12/12
 17073 | D:11     | Reached skill level 13 in Long Blades
 18177 | D:11     | Found a staircase to the Lair.
 18185 | D:11     | Noticed a cyclops
 18256 | D:11     | Gained mutation: You cannot drink potions while threatened. [Ru sacrifice]
 18256 | D:11     | Reached ** piety under Ru
 18769 | D:11     | Killed a cyclops
 18850 | D:11     | Noticed a deep troll
 18879 | D:11     | Killed a deep troll
 19517 | D:12     | Noticed an eight-headed hydra
 19880 | D:12     | sigh
 19918 | D:12     | noooo
 19918 | D:12     | fuck it
 19929 | D:12     | Killed an eight-headed hydra
 19951 | D:12     | Noticed an ettin
 20005 | D:11     | Reached skill level 10 in Shields
 20855 | D:12     | Upgraded the game from 0.17-a0-1838-g891d947 to 0.18-a0-867-gfd1cc8f
 20920 | D:12     | Noticed a catoblepas
 20929 | D:12     | Noticed a storm dragon
 20953 | D:12     | HP: 2/99 [storm dragon/bolt of lightning (5)]
 20954 | D:12     | Quit the game

Vault maps used:
D:1:      dpeg_arrival_boxorama
D:2:      old_standard_altar, minmay_misc_feat_chi, cheibriados_altar_1
D:3:      lemuel_crystal_altar, gammafunk_temple_overflow_pools
D:4:      kennysheep_mini, serial_shops, nicolae_shop_statue_plus, first_bread,
          uniq_menkaure, uniq_sigmund
D:5:      lemuel_coloured_pillars_altar, old_standard_altar
D:6:      lightli_temple_of_fire, serial_shops, shop, uniq_blork_the_orc,
          uniq_prince_ribbit1
D:7:      nicolae_gozag_zags_fifth_avenue, kennysheep_mini_moat,
          lemuel_doored_altar, minmay_temple_entry_trees, serial_shops, shop,
          enter_ossuary_2, uniq_pikel
D:8:      lemuel_crystal_altar, okawaru_metal_pillars_1_2, serial_shops,
          nicolae_shop_overgrown_old_shop, grunt_pizzeria, uniq_erolcha
D:9:      minivault_26
D:10:     erik_orc_4, serial_bayou, serial_bayou_pond_e, serial_bayou_ford_a,
          serial_bayou_pond_a, serial_bayou_shore_b, hangedman_decor_points
D:11:     lemuel_troll_bridge, grunt_lair_entry_elf_guard_hut
D:12:     jmf_multi_god_temple
Temple:   nicolae_temple_hex_pool_5

Action                   |  1- 3 |  4- 6 |  7- 9 | 10-12 || total
-------------------------+-------+-------+-------+-------++-------
Melee: Long sword        |    72 |   134 |   474 |   199 ||   879
       Scimitar          |       |       |       |  1431 ||  1431
Throw: Stone             |       |    20 |    23 |    41 ||    84
       Tomahawk          |       |       |    20 |    50 ||    70
Invok: Sacrifice Words   |       |       |       |     1 ||     1
       Sacrifice an Eye  |       |       |       |     1 ||     1
       Sacrifice Drink   |       |       |       |     1 ||     1
 Abil: Dig               |       |       |       |    10 ||    10
Evoke: Wand              |       |       |       |     5 ||     5
  Use: Scroll            |     3 |       |    16 |     4 ||    23
       Potion            |     1 |     1 |     1 |    11 ||    14
 Stab: Distracted        |       |       |       |     4 ||     4
       Invisible         |       |       |       |     5 ||     5
       Petrifying        |       |       |       |     2 ||     2
       Petrified         |       |       |       |     1 ||     1
  Eat: Chunk             |     1 |     6 |    27 |    48 ||    82
       Bread ration      |       |       |     1 |     1 ||     2
       Royal jelly       |       |       |       |     1 ||     1
